[Event "Titled Tuesday Blitz July 4 Early 2023"]
[White "Petrova, Irina"]
[Black "Bilan, Danila"]
[WhiteFideId "14124122"]
[BlackFideId "24161918"]
[WhiteElo "2357"]
[BlackElo "2519"]
[Result "1-0"]
[Round "8"]
[TimeControl "180+2"]
[Date "2023.07.04"]
[WhiteClock "0:00:53"]
[BlackClock "0:00:00"]
[Board "148"]

1. e4 c6 2. d4 d5 3. Nc3 b5 4. exd5 b4 5. Nce2 cxd5 6. Nf3 Nf6 7. Nf4 Nc6 8. Bb5 Qb6 9. Bxc6+ Qxc6 10. Ne5 Qb6 11. O-O e6 12. Nh5 Ne4 13. c4 g6 14. Ng3 Nxg3 15. hxg3 Bg7 16. c5 Qb5 17. Bf4 O-O 18. Re1 a5 19. a4 bxa3 20. bxa3 Ba6 21. Rb1 Qe8 22. Rb6 f6 23. Nc6 e5 24. dxe5 fxe5 25. Bxe5 Qf7 26. f4 Bxe5 27. Nxe5 Bc4 28. Nxf7 Rxf7 29. c6 1-0


[Site "https://www.chess.com"]

[Event "Titled Tuesday Blitz July 4 Early 2023"]
[White "Bashirli, Saadat"]
[Black "Belov, Alexei"]
[WhiteFideId "13429990"]
[BlackFideId "4128206"]
[WhiteElo "2351"]
[BlackElo "2492"]
[Result "0-1"]
[Round "8"]
[TimeControl "180+2"]
[Date "2023.07.04"]
[WhiteClock "0:00:04"]
[BlackClock "0:00:17"]
[Board "149"]

1. d4 e6 2. c4 d5 3. Nc3 Be7 4. cxd5 exd5 5. Bf4 c6 6. e3 Bf5 7. g4 Be6 8. Bg2 h5 9. gxh5 Nh6 10. Nf3 Bg4 11. Qd2 Nd7 12. Ne5 Nxe5 13. Bxe5 f6 14. Bf4 Bxh5 15. f3 Nf5 16. Bg3 Bg6 17. Bf2 Nh4 18. Bxh4 Rxh4 19. Qf2 Rh6 20. h4 f5 21. O-O-O Bxh4 22. Qe2 Qe7 23. e4 fxe4 24. fxe4 dxe4 25. Bxe4 Bh5 26. Bf3 Qxe2 27. Bxe2 Bxe2 28. Nxe2 O-O-O 29. Kc2 Rf8 30. Rdf1 Rxf1 31. Rxf1 Bf6 32. Rf2 Rh3 33. Nf4 Re3 34. d5 Kd7 35. dxc6+ Kxc6 36. Nh5 Be5 37. Rf7 Re2+ 38. Kd3 Rxb2 39. Nxg7 Bxg7 40. Rxg7 Rxa2 41. Rg6+ Kb5 42. Rg5+ Ka6 43. Rg6+ b6 44. Kc3 Ra4 45. Kb3 Rf4 46. Rg7 Rd4 47. Kc3 Rd8 48. Kb4 Rb8 49. Ka4 Rc8 50. Kb4 Rc6 51. Rh7 b5 52. Rg7 Kb6 53. Rg8 a5+ 54. Kb3 Rc7 55. Rb8+ Rb7 56. Rh8 Rc7 57. Rb8+ Kc5 58. Ra8 a4+ 59. Ka3 Kc4 60. Rh8 Rd7 61. Rh4+ Rd4 62. Rh3 Rd3+ 63. Rxd3 Kxd3 64. Kb4 Kd4 65. Kxb5 a3 66. Ka4 a2 67. Ka3 a1=Q+ 68. Kb3 Qb1+ 69. Ka3 Kc4 70. Ka4 Qa2# 0-1


[Site "https://www.chess.com"]

[Event "Titled Tuesday Blitz July 4 Early 2023"]
[White "Shapiro, Viktor"]
[Black "Mikhaylova, Irina"]
[WhiteFideId "4175700"]
[BlackFideId "4109040"]
[WhiteElo "2466"]
[BlackElo "2328"]
[Result "1-0"]
[Round "8"]
[TimeControl "180+2"]
[Date "2023.07.04"]
[WhiteClock "0:00:57"]
[BlackClock "0:00:11"]
[Board "150"]

1. Nf3 Nf6 2. c4 g6 3. Nc3 d5 4. cxd5 Nxd5 5. Qb3 c6 6. e4 Nxc3 7. Qxc3 f6 8. d4 e6 9. h4 h5 10. e5 Bg7 11. Bd3 f5 12. Bg5 Qb6 13. Nd2 O-O 14. Nc4 Qc7 15. Rc1 Nd7 16. Be7 Re8 17. Bd6 Qd8 18. b4 Nb6 19. Rh3 Nd5 20. Qd2 Kh7 21. f4 Bh6 22. g3 b6 23. Ne3 Bb7 24. Nxd5 cxd5 25. Kf2 Rc8 26. Rhh1 Qd7 27. Qe2 Rxc1 28. Rxc1 Rc8 29. Bb5 Qd8 30. Rc2 Rxc2 31. Qxc2 Qc8 32. Qxc8 Bxc8 33. Bb8 a6 34. Bc6 b5 35. Bd6 Kg8 36. Ke3 Bf8 37. Kd3 Kf7 38. Kc3 Be7 39. Kb3 Bd8 40. Bc5 Bc7 41. a4 bxa4+ 42. Kxa4 Bd8 43. b5 axb5+ 44. Kxb5 Be7 45. Kb6 Bd8+ 46. Kb5 Be7 47. Bxe7 Kxe7 48. Kb6 Kd8 49. Bb5 Bd7 50. Bxd7 Kxd7 51. Kb7 1-0


[Site "https://www.chess.com"]

[Event "Titled Tuesday Blitz July 4 Early 2023"]
[White "Vasques, Antonio Pedro Freixial"]
[Black "Pandey Srishti"]
[WhiteFideId "1908332"]
[BlackFideId "35093290"]
[WhiteElo "2316"]
[BlackElo "2427"]
[Result "1-0"]
[Round "8"]
[TimeControl "180+2"]
[Date "2023.07.04"]
[WhiteClock "0:01:34"]
[BlackClock "0:01:26"]
[Board "151"]

1. d4 Nf6 2. Bg5 Ne4 3. Bf4 c5 4. f3 Nf6 5. d5 e6 6. e4 exd5 7. exd5 Nh5 8. Be3 Bd6 9. Nc3 O-O 10. Qd2 Re8 11. Nge2 a6 12. O-O-O b5 13. Kb1 Qa5 14. Ne4 Qxd2 15. Rxd2 Bf8 16. Bxc5 f5 17. Bxf8 fxe4 18. Bd6 Bb7 19. fxe4 Rxe4 20. g3 Nf6 21. Bg2 Re8 22. Nc3 b4 23. Bxb4 a5 24. Bc5 Na6 25. Bd4 Nb4 26. Bxf6 gxf6 27. a3 Na6 28. Rf1 Kg7 29. Ne4 f5 30. Nd6 1-0


[Site "https://www.chess.com"]

[Event "Titled Tuesday Blitz July 4 Early 2023"]
[White "Avazkhonov, Alikhon"]
[Black "Martin, Lewis"]
[WhiteFideId "14208504"]
[BlackFideId "410551"]
[WhiteElo "2414"]
[BlackElo "2272"]
[Result "1-0"]
[Round "8"]
[TimeControl "180+2"]
[Date "2023.07.04"]
[WhiteClock "0:00:56"]
[BlackClock "0:00:28"]
[Board "152"]

1. d4 d5 2. c4 c6 3. Nc3 dxc4 4. a4 Nf6 5. Nf3 Bf5 6. Ne5 Nbd7 7. Nxc4 e6 8. f3 Bb4 9. e4 Bxe4 10. fxe4 Nxe4 11. Qf3 Ndf6 12. Bd2 Nxd2 13. Nxd2 Qxd4 14. Be2 O-O-O 15. O-O-O Bxc3 16. Qxc3 Qxa4 17. Qa3 Qxa3 18. bxa3 Rd4 19. Nf3 Re4 20. Bd3 Ra4 21. Ne5 Rxa3 22. Nxf7 Rf8 23. Ng5 Nd5 24. Kb2 Ra4 25. Rhf1 Rxf1 26. Rxf1 a5 27. Nxe6 Kb8 28. Rf7 Nb4 29. Bc4 b5 30. Bb3 Nd3+ 31. Kc3 Ra3 32. Kxd3 Rxb3+ 33. Kd4 a4 34. Kc5 a3 35. Kb6 Kc8 36. Nc5 1-0


[Site "https://www.chess.com"]

[Event "Titled Tuesday Blitz July 4 Early 2023"]
[White "Ncatt"]
[Black "Nakhbayeva, Guliskhan"]
[BlackFideId "13704788"]
[WhiteElo "2407"]
[BlackElo "2234"]
[Result "1-0"]
[Round "8"]
[TimeControl "180+2"]
[Date "2023.07.04"]
[WhiteClock "0:02:31"]
[BlackClock "0:00:01"]
[Board "153"]

1. g3 d5 2. Bg2 e6 3. Nf3 b5 4. O-O Bb7 5. b3 Nd7 6. Bb2 Ngf6 7. a4 Be7 8. axb5 O-O 9. c4 Nb6 10. d3 c6 11. bxc6 Bxc6 12. Nc3 a5 13. Ne5 Be8 14. d4 dxc4 15. bxc4 Rc8 16. c5 Nbd5 17. e3 Rb8 18. Qe2 Nb4 19. Rfc1 Qc7 20. Ba3 Nc6 21. f4 Nxe5 22. fxe5 Nd7 23. Ne4 Nxe5 24. dxe5 Qxe5 25. Nd6 Bb5 26. Nxb5 1-0


[Site "https://www.chess.com"]

[Event "Titled Tuesday Blitz July 4 Early 2023"]
[White "Saito, Vinicius"]
[Black "Vlassov, Nikolai"]
[WhiteFideId "2113384"]
[BlackFideId "4103360"]
[WhiteElo "2390"]
[BlackElo "2585"]
[Result "0-1"]
[Round "8"]
[TimeControl "180+2"]
[Date "2023.07.04"]
[WhiteClock "0:00:07"]
[BlackClock "0:00:17"]
[Board "154"]

1. e4 c5 2. Nf3 d6 3. d3 g6 4. g3 Bg7 5. Bg2 Nc6 6. Nc3 Nf6 7. O-O O-O 8. h3 Rb8 9. a4 a6 10. Be3 b5 11. axb5 axb5 12. Qd2 b4 13. Ne2 Nd7 14. Rab1 Bb7 15. Bh6 Ra8 16. Bxg7 Kxg7 17. Nh4 e6 18. f4 f5 19. Nf3 Qf6 20. c3 Ra2 21. Qe3 Rfa8 22. g4 fxe4 23. dxe4 Na5 24. e5 dxe5 25. fxe5 Qe7 26. Ng5 Rf8 27. Bxb7 Nxb7 28. Rxf8 Nxf8 29. Rf1 Nd8 30. Qd2 Nd7 31. Rd1 Nxe5 32. Qxd8 Qxd8 33. Rxd8 Rxb2 34. Nf4 bxc3 35. Nfxe6+ Kf6 36. Rc8 c2 37. Rxc5 Rb1+ 38. Kg2 c1=Q 39. Rxc1 Rxc1 40. h4 Rc2+ 41. Kg3 Rc3+ 42. Kf4 Rc4+ 43. Ke3 Nxg4+ 44. Kf3 Ne5+ 45. Kg3 h6 0-1


[Site "https://www.chess.com"]

[Event "Titled Tuesday Blitz July 4 Early 2023"]
[White "Fernandez Hernandez, Gerardo"]
[Black "Weishaeutel, Moritz"]
[WhiteFideId "2207400"]
[BlackFideId "12967300"]
[WhiteElo "2218"]
[BlackElo "2572"]
[Result "0-1"]
[Round "8"]
[TimeControl "180+2"]
[Date "2023.07.04"]
[WhiteClock "0:00:29"]
[BlackClock "0:01:42"]
[Board "155"]

1. e4 e5 2. Nf3 Nf6 3. Nxe5 Nc6 4. Nf3 Nxe4 5. Bd3 d5 6. c3 Bc5 7. O-O O-O 8. Bc2 Bg4 9. h3 Bh5 10. d3 Nxf2 11. Rxf2 Bxf2+ 12. Kxf2 Ne5 13. g4 Bxg4 14. hxg4 Nxg4+ 15. Kg2 Re8 16. Qd2 Re3 17. Qxe3 Nxe3+ 18. Bxe3 Qe7 19. Kf2 Re8 20. Nbd2 Qxe3+ 21. Kg3 Re6 22. d4 g5 23. Re1 Qf4+ 24. Kg2 Rxe1 0-1


[Site "https://www.chess.com"]

[Event "Titled Tuesday Blitz July 4 Early 2023"]
[White "Moral Garcia, Serafin"]
[Black "Biriukov, Ilja"]
[WhiteFideId "2201925"]
[BlackFideId "4113373"]
[WhiteElo "2558"]
[BlackElo "2281"]
[Result "1-0"]
[Round "8"]
[TimeControl "180+2"]
[Date "2023.07.04"]
[WhiteClock "0:00:36"]
[BlackClock "0:00:00"]
[Board "156"]

1. e4 c5 2. Nf3 d6 3. d4 cxd4 4. Nxd4 Nf6 5. Nc3 a6 6. Be3 e5 7. Nf3 h6 8. Bc4 Qc7 9. Bb3 Be6 10. O-O Nbd7 11. Nd5 Bxd5 12. exd5 Be7 13. c4 b6 14. Nd2 O-O 15. Ba4 Nc5 16. Bc6 Rab8 17. b4 Ncd7 18. Qa4 a5 19. a3 Rfd8 20. h3 Nh7 21. Rab1 f5 22. bxa5 bxa5 23. Nb3 Nc5 24. Nxc5 dxc5 25. Bd2 Rxb1 26. Rxb1 Rb8 27. Rb5 Rxb5 28. Qxb5 e4 29. Qxa5 Qe5 30. Qc3 Qb8 31. Bb5 Bf6 32. Qa5 f4 33. a4 Bd4 34. Qa6 e3 35. Qe6+ Kh8 36. fxe3 fxe3 37. Bxe3 Ng5 38. Qe7 Qg3 39. Bxd4 Nxh3+ 40. Kf1 cxd4 41. gxh3 Qxh3+ 42. Ke2 Qg2+ 43. Kd3 Qf3+ 44. Kxd4 1-0


[Site "https://www.chess.com"]

[Event "Titled Tuesday Blitz July 4 Early 2023"]
[White "Mendez, Ruddy Antonio"]
[Black "Herzog2012"]
[WhiteFideId "6403387"]
[WhiteElo "2278"]
[BlackElo "2467"]
[Result "0-1"]
[Round "8"]
[TimeControl "180+2"]
[Date "2023.07.04"]
[WhiteClock "0:00:00"]
[BlackClock "0:00:04"]
[Board "157"]

1. d4 Nf6 2. c4 e6 3. Nf3 b6 4. a3 Ba6 5. Qa4 Bb7 6. Nc3 Be7 7. Bg5 O-O 8. e3 d6 9. Rd1 Nbd7 10. Be2 h6 11. Bh4 Ne4 12. Bxe7 Qxe7 13. Nxe4 Bxe4 14. b4 a5 15. Qb3 axb4 16. axb4 e5 17. O-O Ra7 18. Ra1 Rfa8 19. Qb2 Rxa1 20. Rxa1 Rxa1+ 21. Qxa1 Bxf3 22. Bxf3 exd4 23. exd4 g6 24. g3 Qf6 25. Kg2 Kg7 26. Qa4 Qe7 27. Qc6 Nf8 28. Bd5 g5 29. Bf3 Ne6 30. Qe4 Qf6 31. d5 Nf8 32. Bh5 Nd7 33. f4 gxf4 34. Qxf4 Qxf4 35. gxf4 Kf6 36. Bf3 Nf8 37. Be4 Ng6 38. Kg3 Ne7 39. Kg4 Kg7 40. Kh5 Ng8 41. Bf3 Nf6+ 42. Kh4 Kg6 43. Kg3 Kf5 44. h3 Ne4+ 45. Bxe4+ Kxe4 46. Kg4 f5+ 47. Kh5 Kxf4 48. Kxh6 Kg3 49. Kg5 f4 50. h4 f3 51. h5 f2 52. h6 f1=Q 53. h7 Qf8 54. Kg6 Kg4 55. b5 Qe8+ 56. Kg7 Kg5 57. h8=Q Qe7+ 58. Kg8 Kg6 0-1


[Site "https://www.chess.com"]

[Event "Titled Tuesday Blitz July 4 Early 2023"]
[White "LangesNasenhaar"]
[Black "Kuchava, Ana"]
[BlackFideId "13605348"]
[WhiteElo "2439"]
[BlackElo "2277"]
[Result "1-0"]
[Round "8"]
[TimeControl "180+2"]
[Date "2023.07.04"]
[WhiteClock "0:01:34"]
[BlackClock "0:00:00"]
[Board "158"]

1. d4 d5 2. Nc3 Nf6 3. Bf4 Bf5 4. e3 e6 5. Nf3 h6 6. Ne5 Bd6 7. g4 Bh7 8. h4 Ne4 9. Nxe4 Bxe4 10. f3 Bh7 11. Bd3 Bxd3 12. Qxd3 a6 13. O-O-O c5 14. g5 h5 15. g6 Bxe5 16. gxf7+ Kxf7 17. Bxe5 Nc6 18. Rdg1 Nxe5 19. dxe5 Rh6 20. Rg5 Qa5 21. Rhg1 Rg8 22. Kb1 c4 23. Qd4 Rhh8 24. a3 g6 25. Qf4+ Ke7 26. Qf6+ Kd7 27. Rxg6 Rxg6 28. Rxg6 Re8 29. Rg7+ Kc6 30. Qf7 1-0


[Site "https://www.chess.com"]

[Event "Titled Tuesday Blitz July 4 Early 2023"]
[White "Manukian, Artak"]
[Black "agvania123"]
[WhiteFideId "13301373"]
[WhiteElo "2429"]
[BlackElo "2269"]
[Result "1/2-1/2"]
[Round "8"]
[TimeControl "180+2"]
[Date "2023.07.04"]
[WhiteClock "0:00:14"]
[BlackClock "0:00:59"]
[Board "159"]

1. e4 d5 2. exd5 Qxd5 3. Nc3 Qd8 4. d4 Nf6 5. Bc4 a6 6. Bg5 b5 7. Bb3 Bb7 8. Nf3 e6 9. O-O Be7 10. Qe2 O-O 11. Rad1 c6 12. Ne5 Nd5 13. Bxe7 Qxe7 14. Ne4 Nd7 15. Nxd7 Qxd7 16. Nc5 Qc7 17. c3 Rfe8 18. g3 Nf6 19. f4 Nd7 20. Rd2 Nxc5 21. dxc5 Rad8 22. Rfd1 Qe7 23. Qe3 Rxd2 24. Rxd2 Rd8 25. Rxd8+ Qxd8 26. Qd4 Qxd4+ 27. cxd4 a5 28. Kf2 Kf8 29. h4 Ke7 30. Ke3 h6 31. Bc2 Bc8 32. Be4 Bd7 33. g4 Be8 34. g5 hxg5 35. fxg5 g6 36. a4 b4 37. Bd3 Bd7 38. Kf4 Be8 39. Ke5 Bd7 40. Ba6 Be8 41. Be2 Bd7 42. h5 gxh5 43. Bxh5 Be8 44. Bf3 Bd7 45. Be2 Be8 46. Ba6 Bd7 47. Bb7 Be8 48. Bc8 Bd7 49. Bb7 Be8 50. Ba6 Bd7 51. Be2 Be8 52. Bf3 Bd7 53. Be2 1/2-1/2


[Site "https://www.chess.com"]

[Event "Titled Tuesday Blitz July 4 Early 2023"]
[White "Bazilius, Augustinas"]
[Black "Kohler, Aran"]
[WhiteFideId "12832251"]
[BlackFideId "1002856"]
[WhiteElo "2395"]
[BlackElo "2267"]
[Result "1-0"]
[Round "8"]
[TimeControl "180+2"]
[Date "2023.07.04"]
[WhiteClock "0:00:10"]
[BlackClock "0:00:00"]
[Board "160"]

1. d4 d5 2. c4 c6 3. Nf3 Nf6 4. g3 Bf5 5. Nc3 dxc4 6. Nh4 g6 7. Nxf5 gxf5 8. e3 b5 9. Qf3 Nd5 10. Qxf5 e6 11. Qc2 Na6 12. a3 Bg7 13. Bg2 O-O 14. O-O Rb8 15. Rd1 Qe7 16. e4 Nxc3 17. bxc3 c5 18. Be3 cxd4 19. cxd4 Rfc8 20. Ra2 b4 21. axb4 Nxb4 22. Qe2 Nxa2 23. Qxa2 c3 24. Bf1 Qb4 25. Bd3 Qb2 26. Qxa7 c2 27. Rc1 Rb7 28. Qa4 Rbc7 29. d5 exd5 30. exd5 Be5 31. Qe4 f6 32. Bh6 Re7 33. Qg4+ Kf7 34. Qxc8 1-0


[Site "https://www.chess.com"]

[Event "Titled Tuesday Blitz July 4 Early 2023"]
[White "Modric, Nesa"]
[Black "Buscar, Michael"]
[WhiteFideId "922579"]
[BlackFideId "2603616"]
[WhiteElo "2250"]
[BlackElo "2377"]
[Result "1-0"]
[Round "8"]
[TimeControl "180+2"]
[Date "2023.07.04"]
[WhiteClock "0:00:24"]
[BlackClock "0:00:13"]
[Board "161"]

1. d4 d5 2. Nf3 Nf6 3. Bg5 Bg4 4. Bxf6 gxf6 5. Nbd2 e6 6. e3 Nd7 7. Be2 c6 8. c3 Rg8 9. h3 Bh5 10. O-O Bd6 11. c4 Qe7 12. Qb3 O-O-O 13. cxd5 exd5 14. Rac1 Bc7 15. Rxc6 Nb6 16. Rc3 Qd6 17. Rfc1 Rd7 18. Bb5 Re7 19. Qc2 Bg6 20. Bd3 Kb8 21. a4 Bxd3 22. Rxd3 f5 23. a5 Qg6 24. Ne1 Nc8 25. Rc3 Qd6 26. Ndf3 f4 27. exf4 Qxf4 28. Ne5 Qg5 29. Rxc7 1-0


[Site "https://www.chess.com"]

[Event "Titled Tuesday Blitz July 4 Early 2023"]
[White "Slavin, Alexey"]
[Black "CarolinaLujan"]
[WhiteFideId "24104388"]
[WhiteElo "2366"]
[BlackElo "2249"]
[Result "1/2-1/2"]
[Round "8"]
[TimeControl "180+2"]
[Date "2023.07.04"]
[WhiteClock "0:00:06"]
[BlackClock "0:00:09"]
[Board "162"]

1. e4 c5 2. g3 Nc6 3. Bg2 g6 4. Nc3 Bg7 5. Nge2 d6 6. a3 Nf6 7. O-O O-O 8. Rb1 a5 9. Nb5 a4 10. c4 Bg4 11. h3 Be6 12. d3 Qc8 13. Nf4 Bd7 14. Kh2 Na5 15. Qxa4 h5 16. Qd1 h4 17. g4 Nh7 18. b4 cxb4 19. axb4 Nc6 20. Nd5 Ra6 21. f4 e6 22. Ne3 Nd4 23. Nxd4 Bxd4 24. Qe1 Ra2 25. Qxh4 b5 26. Rf2 Rxf2 27. Qxf2 bxc4 28. dxc4 g5 29. f5 Be5+ 30. Kh1 d5 31. cxd5 Nf6 32. Bb2 Qb8 33. fxe6 fxe6 34. Rf1 Bf4 35. dxe6 Bxe6 36. Nd5 Nxg4 37. hxg4 Qb7 38. Qd4 Qh7+ 39. Kg1 Qh2+ 40. Kf2 Qg3+ 41. Ke2 Bxg4+ 42. Bf3 Qg2+ 43. Rf2 Bxf3+ 44. Kd3 Bxe4+ 45. Kc4 Bxd5+ 46. Qxd5+ Qxd5+ 47. Kxd5 Rb8 48. Bc3 Rb5+ 49. Kc4 Rb8 50. Rg2 Kf7 51. Bd4 Ke6 52. Bc5 Kf5 53. b5 g4 54. b6 g3 55. Kb5 Kg4 56. Kc6 Kh3 57. Rg1 g2 58. b7 Kh2 59. Kb6 Rg8 60. Ka7 Bb8+ 61. Ka6 Rg6+ 62. Kb5 Rg7 63. Kc6 Rg6+ 64. Kb5 Bc7 65. Rb1 g1=Q 66. Bxg1+ Rxg1 67. Rxg1 Kxg1 68. Kc6 Bb8 69. Kd7 Bg3 70. Kc8 Be5 71. b8=Q Bxb8 1/2-1/2


[Site "https://www.chess.com"]

[Event "Titled Tuesday Blitz July 4 Early 2023"]
[White "Tuleyeva-Aketayeva, Dana"]
[Black "Seletsky, Grigory"]
[WhiteFideId "13701932"]
[BlackFideId "14112191"]
[WhiteElo "2245"]
[BlackElo "2352"]
[Result "1/2-1/2"]
[Round "8"]
[TimeControl "180+2"]
[Date "2023.07.04"]
[WhiteClock "0:00:13"]
[BlackClock "0:00:13"]
[Board "163"]

1. d4 c5 2. d5 e5 3. c4 d6 4. g3 g6 5. Bg2 Bg7 6. Nf3 f5 7. O-O h6 8. Nh4 Ne7 9. e4 O-O 10. Bh1 f4 11. Nc3 g5 12. Ng2 Bh3 13. f3 Bd7 14. g4 Na6 15. Bd2 Nc7 16. Ne1 b5 17. b3 bxc4 18. bxc4 Nc8 19. Nd3 Nb6 20. Nb2 Rb8 21. Rb1 Qe7 22. Bg2 Rb7 23. Nba4 Rfb8 24. Nxb6 Rxb6 25. Qc2 Qd8 26. a4 Bf6 27. a5 Rxb1 28. Rxb1 Qc8 29. Bf1 Na6 30. Nb5 Qb7 31. Bd3 Bxb5 32. cxb5 Nb4 33. Bxb4 cxb4 34. Rxb4 Bd8 35. Qc6 Bxa5 36. Qxb7 Rxb7 37. Rc4 Bb6+ 38. Kf1 Bc5 39. Ra4 Kg7 40. Ra6 Kg6 41. Rc6 h5 42. h3 hxg4 43. hxg4 Rh7 44. Kg2 Rh8 45. Rc7 Kf6 46. Rb7 Rd8 47. Rc7 Re8 48. Rc6 Re7 49. Rc8 Kf7 50. Rc6 Rd7 51. Rc8 Ke7 52. Rg8 Kf6 53. Rf8+ Rf7 54. Rxf7+ Kxf7 55. Kf1 Ke7 56. Ke2 Kd7 57. Kd2 Kc7 58. Kc3 Kb6 59. Kb3 Bg1 60. Kc4 Ka5 61. Bc2 Bb6 62. Bd1 Bc5 63. Bc2 Bb6 1/2-1/2


[Site "https://www.chess.com"]

[Event "Titled Tuesday Blitz July 4 Early 2023"]
[White "Xavier_mompel"]
[Black "Koridze, Lile"]
[BlackFideId "13612514"]
[WhiteElo "2242"]
[BlackElo "2348"]
[Result "1/2-1/2"]
[Round "8"]
[TimeControl "180+2"]
[Date "2023.07.04"]
[WhiteClock "0:00:51"]
[BlackClock "0:00:21"]
[Board "164"]

1. e4 c5 2. Nf3 d6 3. d4 cxd4 4. Nxd4 Nf6 5. Nc3 a6 6. Be3 e5 7. Nf3 Be7 8. Bc4 O-O 9. O-O Qc7 10. Bb3 b5 11. Nd5 Nxd5 12. Bxd5 Bb7 13. c3 Nd7 14. Qd3 Kh8 15. Rfe1 Rac8 16. Rad1 Bxd5 17. Qxd5 Nf6 18. Qd3 Rfd8 19. Ng5 Bf8 20. Bc1 d5 21. exd5 Rxd5 22. Qh3 Rcd8 23. Rxd5 Rxd5 24. Qf3 Kg8 25. Ne4 Nxe4 26. Qxe4 Qd8 27. g3 Bc5 28. Be3 Bxe3 29. Qxe3 g6 30. Kg2 Qd6 31. h3 Qc6 32. Kh2 Qd6 33. Kg2 Rd2 34. Re2 Qd5+ 35. Kh2 Rxe2 36. Qxe2 Qxa2 37. Qxe5 Qxb2 38. Qe8+ Kg7 39. Qe5+ Kg8 40. Qe8+ Kg7 41. Qe5+ Kg8 1/2-1/2


[Site "https://www.chess.com"]

[Event "Titled Tuesday Blitz July 4 Early 2023"]
[White "Warchol, Kamil"]
[Black "Sovetbekova, Nurai"]
[WhiteFideId "21858241"]
[BlackFideId "13801910"]
[WhiteElo "2239"]
[BlackElo "2346"]
[Result "1/2-1/2"]
[Round "8"]
[TimeControl "180+2"]
[Date "2023.07.04"]
[WhiteClock "0:00:14"]
[BlackClock "0:00:04"]
[Board "165"]

1. e4 c5 2. Nf3 Nc6 3. Bb5 e5 4. O-O Bd6 5. Na3 a6 6. Nc4 Qc7 7. Bxc6 dxc6 8. h3 Nf6 9. d3 O-O 10. Bg5 Nd7 11. Bh4 b5 12. Ne3 Nb6 13. c3 Be6 14. d4 cxd4 15. cxd4 exd4 16. Nxd4 Bc4 17. Nxc4 Nxc4 18. b3 Ne5 19. Rc1 c5 20. Nf5 Rad8 21. Bxd8 Rxd8 22. Nxd6 Rxd6 23. Qc2 c4 24. bxc4 Nxc4 25. Rfd1 Rg6 26. Qd3 Kf8 27. a4 Rc6 28. axb5 axb5 29. Qd5 Qb6 30. Rb1 b4 31. Qd8+ Qxd8 32. Rxd8+ Ke7 33. Rb8 Nd2 34. R1xb4 Rc1+ 35. Kh2 Nf1+ 36. Kg1 Ne3+ 37. Kh2 Nf1+ 38. Kh1 Ng3+ 39. Kh2 Nf1+ 1/2-1/2


[Site "https://www.chess.com"]

[Event "Titled Tuesday Blitz July 4 Early 2023"]
[White "Korpics, Zsolt"]
[Black "Mishra, Manoj"]
[WhiteFideId "705241"]
[BlackFideId "5006007"]
[WhiteElo "2346"]
[BlackElo "2214"]
[Result "1-0"]
[Round "8"]
[TimeControl "180+2"]
[Date "2023.07.04"]
[WhiteClock "0:00:46"]
[BlackClock "0:00:00"]
[Board "166"]

1. e4 d6 2. d4 Nf6 3. Nc3 Nbd7 4. g4 h6 5. Be3 e5 6. f3 Be7 7. Qd2 c6 8. O-O-O Qa5 9. Nge2 b5 10. Ng3 b4 11. Nb1 Qxa2 12. Nf5 a5 13. Nxe7 Kxe7 14. dxe5 dxe5 15. Qd6+ Ke8 16. Qxc6 Rb8 17. Bc4 Qa1 18. Ba7 Bb7 19. Qb5 Bxe4 20. Bxb8 Bxf3 21. Rhe1 Bxd1 22. Bd6 Bxg4 23. Rxe5+ Be6 24. Rxe6+ fxe6 25. Bxe6 b3 26. Qc6 1-0


[Site "https://www.chess.com"]

[Event "Titled Tuesday Blitz July 4 Early 2023"]
[White "Dwilewicz, Katarzyna"]
[Black "Schachpanda_Youtube"]
[WhiteFideId "1148486"]
[WhiteElo "2334"]
[BlackElo "2197"]
[Result "0-1"]
[Round "8"]
[TimeControl "180+2"]
[Date "2023.07.04"]
[WhiteClock "0:00:33"]
[BlackClock "0:00:36"]
[Board "167"]

1. e4 d6 2. d4 Nf6 3. Nc3 g6 4. f4 Bg7 5. Nf3 c5 6. d5 O-O 7. a4 e6 8. dxe6 Bxe6 9. Be3 Nc6 10. Bb5 Ng4 11. Bg1 d5 12. exd5 Bxc3+ 13. bxc3 Bxd5 14. Bxc5 Re8+ 15. Kf1 b6 16. Bf2 Ne3+ 17. Bxe3 Rxe3 18. Nd4 Qf6 19. f5 Nxd4 20. Qxd4 Qxf5+ 21. Kg1 Qg5 22. Bf1 Rae8 23. Rd1 Re1 24. h4 Qxg2# 0-1


[Site "https://www.chess.com"]

[Event "Titled Tuesday Blitz July 4 Early 2023"]
[White "Rudzinska, Michalina"]
[Black "Tagliata"]
[WhiteFideId "1172883"]
[WhiteElo "2331"]
[BlackElo "2173"]
[Result "1/2-1/2"]
[Round "8"]
[TimeControl "180+2"]
[Date "2023.07.04"]
[WhiteClock "0:00:04"]
[BlackClock "0:00:15"]
[Board "168"]

1. e4 c5 2. c3 Nf6 3. e5 Nd5 4. d4 cxd4 5. Nf3 Nc6 6. cxd4 d6 7. exd6 Qxd6 8. Nc3 Bg4 9. Be2 e6 10. O-O Be7 11. a3 O-O 12. Ne4 Qd8 13. h3 Bf5 14. Ng3 Bg6 15. Bd3 Bf6 16. Bxg6 hxg6 17. Qd3 Qd7 18. Ne4 Rad8 19. Nxf6+ Nxf6 20. Be3 e5 21. Qd2 exd4 22. Bf4 Nd5 23. Ne5 Qf5 24. Nxc6 bxc6 25. Bg3 c5 26. Rac1 Nf6 27. Qa5 Ne4 28. Qxa7 Rc8 29. Qa6 Rfd8 30. Rfd1 Nxg3 31. fxg3 Qe5 32. b4 Qe3+ 33. Kh2 d3 34. Rxc5 Rxc5 35. bxc5 Qe2 36. Qa5 Rd4 37. Rd2 Qe4 38. Qb5 Kh7 39. c6 Qe3 40. Qb2 Rc4 41. Qb5 Rc2 42. Rxd3 Qe2 43. Qd5 Rxc6 44. Qxc6 Qxd3 45. a4 Qa3 46. Qb5 f5 47. a5 Qd6 48. Qa4 g5 49. a6 f4 50. gxf4 gxf4 51. Qe4+ Kh6 52. Qf3 Qxa6 53. Qxf4+ Kh7 54. h4 Qa2 55. h5 Qb3 56. g3 Qc2+ 57. Kh3 Qb1 58. Kh4 Qh1+ 59. Kg4 Qd5 60. Qf5+ Qxf5+ 61. Kxf5 Kh6 62. g4 Kh7 63. Kg5 Kh8 64. h6 Kh7 65. hxg7 Kxg7 66. Kh5 Kh7 67. g5 Kg7 68. g6 Kg8 69. Kg5 Kg7 70. Kf5 Kg8 71. Kf6 Kf8 72. Ke6 Kg7 73. Ke7 Kxg6 1/2-1/2


[Site "https://www.chess.com"]

[Event "Titled Tuesday Blitz July 4 Early 2023"]
[White "Shapiro, Daniel"]
[Black "Feliz Dotel, Dewar Bienvenido"]
[WhiteFideId "2001780"]
[BlackFideId "6402801"]
[WhiteElo "2326"]
[BlackElo "2172"]
[Result "1-0"]
[Round "8"]
[TimeControl "180+2"]
[Date "2023.07.04"]
[WhiteClock "0:00:52"]
[BlackClock "0:00:04"]
[Board "169"]

1. d4 d5 2. c4 e6 3. Nf3 c5 4. cxd5 exd5 5. g3 Nc6 6. Bg2 Nf6 7. Nc3 Be7 8. O-O c4 9. Ne5 O-O 10. f4 a6 11. b3 cxb3 12. axb3 Qc7 13. Nxd5 Nxd5 14. Bxd5 Nxd4 15. Be3 Nf5 16. Bf2 Be6 17. Bxe6 fxe6 18. Rc1 Qa5 19. Qd7 b5 20. Qxe6+ Kh8 21. Nf7+ Rxf7 22. Qxf7 Rf8 23. Qe6 Qb4 24. Rfd1 h6 25. e4 Nd6 26. Qxe7 1-0


[Site "https://www.chess.com"]

[Event "Titled Tuesday Blitz July 4 Early 2023"]
[White "Aanna12"]
[Black "Vifleemskaia, Svetlana"]
[BlackFideId "4129490"]
[WhiteElo "2088"]
[BlackElo "2317"]
[Result "0-1"]
[Round "8"]
[TimeControl "180+2"]
[Date "2023.07.04"]
[WhiteClock "0:02:16"]
[BlackClock "0:02:32"]
[Board "170"]

1. e4 e5 2. Nf3 Nc6 3. Bb5 a6 4. Ba4 Nf6 5. d3 b5 6. Bb3 Be7 7. O-O O-O 8. c3 d6 9. a4 b4 10. a5 Rb8 11. h3 Be6 12. Bc2 b3 13. d4 bxc2 14. Qxc2 exd4 15. cxd4 Nb4 16. Qe2 d5 17. e5 Ne4 18. Nc3 Bf5 19. Re1 c5 20. Be3 c4 0-1


[Site "https://www.chess.com"]